 Dungeon Crawl Stone Soup version 0.31-a0-455-g1a7b003ef0 (webtiles) character file.

Game seed: 9565904360817457901

253 kae the Changeling (level 5, -2/66 HPs)
             Began as a Draconian Shapeshifter on Aug 3, 2023.
             Slain by an ogre
             ... wielding a +0 giant club
              (22 damage)
             ... on level 5 of the Dungeon.
             The game lasted 00:02:34 (3139 turns).

kae the Changeling (Draconian Shapeshifter)         Turns: 3139, Time: 00:02:34

Health: -2/66      AC: 22    Str: 18    XL:     5   Next: 90%
Magic:  5/5        EV:  2    Int: 14    God:
Gold:   168        SH:  0    Dex: 13    Spells: 4/4 levels left

rFire   . .          .
                       - Unarmed
rCold   + . .        (no shield)
rNeg    . . .        (body armour unavailable)
rPois   +            (helmet currently unavailable)
rElec   .            (cloak currently unavailable)
rCorr   .            (gloves currently unavailable)
SInv    .            (boots currently unavailable)
Will    .....        (no amulet)
Stlth   +            I - +6 ring of intelligence
HPRegen 0.31/turn    C - ring of protection from cold
MPRegen 0.09/turn

%: no passive effects
@: tree-form
A: stationary, stasis, torment immunity, boosted hp, AC +5, unfitting armour,
(cold-blooded)
a: no special abilities


You were on level 5 of the Dungeon.
You were a tree.
You visited 1 branch of the dungeon, and saw 5 of its levels.

You collected 168 gold pieces.


Innate Abilities, Weirdness & Mutations

You are a tree.
Your roots penetrate the ground, keeping you stationary.
You cannot be teleported.
You are immune to unholy pain and torment.
Your maximum health is greatly increased.
Your equipment is partially melded.
((Your plain brown scales are hard. (AC +5)))
You cannot fit into any form of body armour.
((You are cold-blooded and may be slowed by cold attacks.))


   Skills:
 + Level 2.8 Fighting
 - Level 3.0 Dodging
 + Level 3.9 Unarmed Combat
 * Level 4.4 Shapeshifting


You had 4 spell levels left.
You didn't know any spells.
Your spell library was empty.

Inventory:

Missiles
 d - 5 poisoned darts
 e - 27 stones
 k - 3 throwing nets {=f!f}
Jewellery
 C - a ring of protection from cold (right branch)
   (You found it on level 4 of the Dungeon)
 F - a ring of fire
   (You found it on level 1 of the Dungeon)
 I - a +6 ring of intelligence (left branch)
   (You found it on level 2 of the Dungeon)
 R - a ring of resist corrosion
   (You found it on level 3 of the Dungeon)
Talismans
 b - a beast talisman
Wands
 g - a wand of flame (25)
   (You found it on level 2 of the Dungeon)
Scrolls
 f - a scroll of enchant weapon
Potions
 a - a potion of lignification {!q}
 c - a potion of cancellation
 h - a potion of mutation {!q}
 i - 2 potions of resistance
 l - 2 potions of might {unknown}
 m - a potion of attraction {unknown}

Dungeon Overview and Level Annotations

Branches:
Dungeon (5/15) Zot: 26865
 Temple: D:4-7

Altars:
Ashenzari
Uskayaw
Xom

Annotations:
D:2 1 runed translucent door, Crazy Yiuf
D:3 3 runed translucent doors, TobyConnect's ghost, amateur DsSh
D:4 exclusion: upstairs

#........#
#.......#
#.......#
#...<...#
####.#.## ###.#.#
#.....# # .
....###.###.#....
###. #|.♣O......
# #.....#....
.......## .
#.######.# .# .#
.# .#


You could see an ogre.


Message History

You punch the orc!
You kill the orc!
The hound closely misses you. The hound bites you but does no damage.
The goblin hits you but does no damage. 😮 HP[+1]
The goblin misses you.
Things that are here:
a +0 hand axe; a +0 scale mail; an orc corpse Unknown command.
You hit the goblin but do no damage. The hound barely misses you.
The hound bites you. 😮 HP[-1]
You take 1 damage, and now have 26/42 hp.
You punch the goblin!
You kill the goblin!
The hound bites you.
* * * LOW HITPOINT WARNING * * *
😨 HP[-5]
You take 5 damage, and now have 21/42 hp.
The hound bites you.
* * * LOW HITPOINT WARNING * * *
The hound bites you.
* * * LOW HITPOINT WARNING * * *
You see here a +0 dagger. 😨 HP[-2]
You take 2 damage, and now have 19/42 hp.
You barely miss the hound. The hound barely misses you.
Unknown command.
You miss the hound.
Your tail-slap misses the hound.
The hound barely misses you.
You punch the hound!
You kill the hound! 😨 HP[+1]
You now have 44 max hp (+2).
You see here a hound corpse. 😨 HP[+1] Unknown command.
Key pressed, stopping explore.
Key pressed, stopping explore.
Unknown command. 😎 HP[+23]
Your hp is fully restored (44).
Unknown command.
There is an open door here.
Done exploring.
Done exploring.
No target in view!
No target in view!
Done exploring.
Done exploring.
There is a stone staircase leading up here.
You climb upwards.
Level annotation: 3 runed translucent doors, TobyConnect's ghost, amateur DsSh
There is a stone staircase leading down here.
There is a stone staircase leading down here.
You climb downwards.
There is a stone staircase leading up here.
Done exploring.
Done exploring.
Done exploring.
Press: ? - help, v - describe, . - travel A stone staircase leading up.
Placed new exclusion.
Done exploring.
Done exploring.
(D) Dungeon
Where to? (Enter - D:4, ? - help)
There is an open door here.
There is a stone staircase leading down here.
You climb downwards.
There is a stone staircase leading up here.
Okay, then.
Okay, then.
Your library has no spells.
Unknown command.
You're wearing all the rings you can.
Remove which one? (? for menu, Esc to cancel) < or
I - a +6 ring of intelligence; > or
R - a ring of resist corrosion You remove your ring of resist corrosion.
C - a ring of protection from cold (right hand)
An ogre comes into view. It is wielding a +0 giant club.
You see here a staff of earth {!a}.
An ogre is nearby!
The ogre hits you with a +0 giant club!!
Ouch! That really hurt!
* * * LOW HITPOINT WARNING * * *
😨 HP[-31]
You take 31 damage, and now have 13/44 hp.
MASSIVE DAMAGE!! (PAUSE)
Okay, then.
Really quaff
a - 2 potions of lignification {!q}?
Really quaff the potion of lignification?
Your transformation has ended.
You turn into a tree.
Your roots penetrate the ground. 😨 HP[+6]
You now have 66 max hp (+22).
You regained 6 hp, and now have 19/66 hp.
You hit the ogre.
The ogre hits you with a +0 giant club!!
You die...

Skill      XL: |  1  2  3  4  5 |
---------------+----------------+-----
Dodging        | 2 3 |  3.0
Fighting       | 2 |  2.8
Shapeshifting  | 4 |  4.4
Unarmed Combat | |  3.9

Action                     |  1- 3 |  4- 6 || total
---------------------------+-------+-------++-------
  Melee: Unarmed           |   109 |    69 ||   178
         Tailslap          |     7 |     2 ||     9
         Punch             |       |     2 ||     2
    Use: Scroll            |     7 |     2 ||     9
         Potion            |       |     3 ||     3
   Stab: Sleeping          |     4 |       ||     4
 Armour: Skin              |    21 |    44 ||    65
  Dodge: Dodged            |    66 |    54 ||   120

Levels and vault maps discovered:
D:1:      roderic_dead_forest, layout_basic, hellmonk_ecumenical_altar_zigzags
D:2:      layout_loops_cross, kennysheep_nondescript,
          kennysheep_generic_room_11, uniq_crazy_yiuf_cottage
D:3:      layout_basic, nicolae_overflow_hidden_temple,
          ebering_ghost_rock_garden
D:4:      layout_basic
D:5:      layout_loops_ring, nzn_wu_jian_contemplation,
          mainiacjoe_overflow_alcove_2, grunt_qazlal_sundering,
          lemuel_tele_altar

Notes
Turn   | Place    | Note
-------+----------+-------------------------------------------
     0 | D:1      | kae the Draconian Shapeshifter began the quest for the Orb.
     0 | D:1      | Reached XP level 1. HP: 16/16 MP: 1/1
     0 | D:1      | magus.rc [v1.11.3]
    61 | D:1      | Reached skill level 2 in Dodging
   251 | D:1      | Found a faded altar of an unknown god.
   306 | D:1      | Reached XP level 2. HP: 23/23 MP: 2/2
   759 | D:2      | Reached XP level 3. HP: 27/29 MP: 3/3
  1112 | D:2      | Found the +6 shillelagh "Devastator" {shatter}
  1428 | D:2      | Found a runed translucent door.
  1429 | D:2      | Noticed Crazy Yiuf
  1476 | D:3      | Found a runed translucent gate.
  1477 | D:3      | Found a runed translucent gate.
  1477 | D:3      | Found a runed translucent gate.
  1477 | D:3      | Noticed TobyConnect's ghost (amateur DsSh)
  1828 | D:3      | Found a shimmering altar of Xom.
  1830 | D:3      | Found a hide-covered altar of Uskayaw.
  1830 | D:3      | Found a broken altar of Ashenzari.
  2000 | D:3      | Reached XP level 4. HP: 33/36 MP: 4/4
  2251 | D:4      | Noticed a scorpion
  2289 | D:4      | HP: 5/36 [scorpion (5)]
  2293 | D:4      | HP: 1/54 [giant cockroach (2)]
  2299 | D:4      | Killed a scorpion
  2300 | D:4      | Reached skill level 2 in Fighting
  2300 | D:4      | Reached skill level 3 in Dodging
  2402 | D:4      | Reached XP level 5. HP: 41/41 MP: 5/5
  2729 | D:4      | Reached skill level 4 in Shapeshifting
  3127 | D:5      | Entered Level 5 of the Dungeon
  3135 | D:5      | Noticed an ogre
  3139 | D:5      | Slain by an ogre

Vanquished Creatures
  A scorpion (D:4)
  A jelly (D:4)
  2 hounds (D:4)
  2 adders
  An ufetubus (D:4)
  2 worms
  4 dart slugs
  An orc (D:4)
  11 endoplasms
  4 giant cockroaches
  3 goblins
  3 hobgoblins
  6 jackals
  2 kobolds
  4 quokkas
  5 ball pythons
  6 bats
  2 frilled lizards
  5 rats
65 creatures vanquished.

Table legend:
 A = Non-vault XP
 B = Vault XP
 C = Vault XP percentage of total XP
 D = Non-vault monster count
 E = Vault monster count
 F = Vault count percentage of total count
                 A         B        C        D         E       F
            +---------+---------+-------+---------+---------+-------
      Total |     362 |       0 |   0.0 |      65 |       0 |   0.0
            +---------+---------+-------+---------+---------+-------
        D:1 |      32 |       0 |   0.0 |      17 |       0 |   0.0
        D:2 |      50 |       0 |   0.0 |      20 |       0 |   0.0
        D:3 |      19 |       0 |   0.0 |       9 |       0 |   0.0
        D:4 |     261 |       0 |   0.0 |      19 |       0 |   0.0
            +---------+---------+-------+---------+---------+-------

Skill      XL: |  1  2  3  4  5 |
---------------+----------------+-----
Dodging        | 2 3 |  3.0
Fighting       | 2 |  2.8
Shapeshifting  | 4 |  4.4
Unarmed Combat | |  3.9

Action                     |  1- 3 |  4- 6 || total
---------------------------+-------+-------++-------
  Melee: Unarmed           |   109 |    69 ||   178
         Tailslap          |     7 |     2 ||     9
         Punch             |       |     2 ||     2
    Use: Scroll            |     7 |     2 ||     9
         Potion            |       |     3 ||     3
   Stab: Sleeping          |     4 |       ||     4
 Armour: Skin              |    21 |    44 ||    65
  Dodge: Dodged            |    66 |    54 ||   120

Illustrated notes

Table legend:
 A = Kills in this place as a percentage of kills in the entire game.
 B = Kills by you in this place as a percentage of kills by you in the entire game.
 C = Kills by friends in this place as a percentage of kills by friends in the entire game.
 D = Other kills in this place as a percentage of other kills in the entire game.
 E = Experience gained in this place as a percentage of experience gained in the entire game.
 F = Experience gained in this place divided by the number of levels of this place that you have seen.
                   A       B       C       D       E      F
               +-------+-------+-------+-------+-------+----------------------
         Total | 100.0 | 100.0 |   N/A |   N/A | 100.0 |  72.4
       Dungeon | 100.0 | 100.0 |   N/A |   N/A | 100.0 |  72.4
               +-------+-------+-------+-------+-------+----------------------

Table legend: (Time is in decaauts)
 A = Elapsed time spent in this place.
 B = Non-inter-level travel time spent in this place.
 C = Inter-level travel time spent in this place.
 D = Time resting spent in this place.
 E = Time spent auto-exploring this place.
 F = Levels seen in this place.
 G = Mean time per level.
                   A        B        C        D        E       F      G
               +--------+--------+--------+--------+--------+-----+--------+
         Total |   3133 |   3052 |     81 |      0 |   2598 |   5 |  626.6 |
       Dungeon |   3133 |   3052 |     81 |      0 |   2598 |   5 |  626.6 |
               +--------+--------+--------+--------+--------+-----+--------+

Top non-repeatable levels by time:
     D:4: 860 daAuts
     D:3: 803 daAuts
     D:1: 731 daAuts
     D:2: 726 daAuts
     D:5: 10 daAuts
